 Dungeon Crawl Stone Soup version 0.19.5 (webtiles) character file.

26 Kullungy the Sneak (level 2, 0/15 HPs)
             Began as a Spriggan Assassin on Mar 12, 2017.
             Slain by a jackal (2 damage)
             ... on level 2 of the Dungeon.
             The game lasted 00:04:03 (1260 turns).

Kullungy the Sneak (Spriggan Assassin)              Turns: 1260, Time: 00:04:04

Health: 0/15       AC:  3    Str:  7    XL:     2   Next: 89%
Magic:  3/3        EV: 17    Int: 12    God:
Gold:   37         SH:  0    Dex: 17    Spells: 0 memorised, 1 level left

rFire  . . .     SeeInvis +     a - +2 dagger
rCold  . . .     Gourm    .     c - +0 robe
rNeg   . . .     Faith    .     (shield restricted)
rPois  .         Spirit   .     (helmet restricted)
rElec  .         Reflect  .     d - +0 cloak
rCorr  .         Harm     .     (gloves unavailable)
MR     .....                    (boots unavailable)
Stlth  +++++.....               (no amulet)
                                (no ring)
                                m - ring of stealth

@: very quick
A: unfitting armour, see invisible, herbivore 3, speed 3, slow metabolism 2
a: no special abilities


You were on level 2 of the Dungeon.
You were not hungry.

You visited 1 branch of the dungeon, and saw 2 of its levels.

You collected 37 gold pieces.

Inventory:

Hand Weapons
 a - a +2 dagger (weapon)
 b - a +0 blowgun
 l - a +0 dagger
 o - a +2 mace of protection
 w - a +0 hand axe
 x - a +0 hunting sling
Missiles
 e - 8 poisoned needles
 f - 2 curare-tipped needles
 h - 20 stones (quivered)
 p - 11 arrows
 q - 8 tomahawks
 t - 20 bolts
Armour
 c - a +0 robe (worn)
 d - a +0 cloak (worn)
 k - a +0 leather armour
Jewellery
 m - a ring of stealth (left hand)
Scrolls
 i - a scroll of remove curse {unknown}
 r - 3 scrolls of identify {unknown}
 s - a scroll of amnesia {unknown}
Potions
 j - 2 potions of curing {unknown}
 n - a potion of heal wounds {unknown}
 u - a potion of ambrosia {unknown}
 v - a potion of might {unknown}
Comestibles
 g - a bread ration


   Skills:
 + Level 1.7 Fighting
 + Level 2.7 Short Blades
 + Level 2.0 Throwing
 * Level 2.0 Dodging
 + Level 6.6 Stealth


You had one spell level left.
You didn't know any spells.

Dungeon Overview and Level Annotations

Branches:
Dungeon (2/15)

Altars:


Innate Abilities, Weirdness & Mutations

You are very small and have problems with some larger weapons.
You are too small for most types of armour.
You have supernaturally acute eyesight. (SInv)
You are a herbivore.
You cover ground extremely quickly.
You need consume almost no food.


Message History

You hit the worm.
The worm is lightly wounded.
The jackal closely misses you. The worm completely misses you.
You hit the worm.
The worm is moderately wounded.
The jackal barely misses you. The jackal misses you.
You closely miss the jackal.
The jackal bites you but does no damage.
The jackal completely misses you. The jackal bites you. The worm bites you.
* * * LOW HITPOINT WARNING * * *
You hit the jackal.
You kill the jackal!
The jackal barely misses you. The jackal misses you.
The jackal closely misses you. x2
You see here a jackal corpse.
The jackal closely misses you.
You hit the jackal but do no damage. The jackal completely misses you.
You barely miss the jackal. The jackal barely misses you. The jackal bites you.
You die...

##.## #...# #...# #
... .# #.###. #<#..
#.#.# #.#.# #
##.#@######. ##.
#..hh.......
##..>###).#.#####..
#.[.......#w#
r.##.....# #.#.###
#....## ##.....##
#.†.....#


You could see a worm and 2 jackals.

Vanquished Creatures
  An ooze (D:1)
  A leopard gecko (D:2)
  A giant cockroach (D:1)
  3 goblins (D:1)
  2 hobgoblins (D:1)
  2 jackals (D:2)
  A ball python (D:1)
  2 bats (D:1)
  2 frilled lizards (D:1)
  2 kobolds (D:1)
  4 rats (D:1)
21 creatures vanquished.

Notes
Turn   | Place    | Note
-------+----------+-------------------------------------------
     0 | D:1      | Kullungy the Spriggan Assassin began the quest for the Orb.
     0 | D:1      | Reached XP level 1. HP: 10/10 MP: 2/2
    52 | D:1      | Reached skill level 6 in Stealth
   591 | D:1      | Reached XP level 2. HP: 15/15 MP: 3/3
  1260 | D:2      | Slain by a jackal

Skill      XL: |  1  2 |
---------------+-------+-----
Stealth        | 6 |  6.6
Dodging        | 2 |  2.0
Fighting       | |  1.7
Short Blades   | |  2.7
Throwing       | |  2.0

Action                   || total
-------------------------++-------
Melee: Dagger            ||    70
 Stab: Sleeping          ||     8
Armor: Robe              ||     9
Dodge: Dodged            ||    54
